AoeStats
← rattan archer

Oasis

509587710Analyzed
2v2 RM · 4d ago on Sep 27, 2026· 53m 14s· 4 players
Game mode
Random Map
Map size
Medium (4 player)
Population
200
Speed
Normal
Resources
Standard
Victory
Conquest
Starting age
Dark Age
Ending age
Imperial Age
RankedLock teamsTeams togetherTeam positionsShared explorationLock speedFull tech treeHidden civsTurbo modeCheats
Victory
Defeat
🇹🇼 Varangians · Taiwan
1354
+11
🇹🇼 Danes · Taiwan
1249
+15
🇻🇳 Burgundians · Vietnam
1245
-13
🇩🇪 Mongols · Germany
1229
-13
ElMeroMero
2:29 Loom
11:12 Feudal Age
12:07 Horse Collar
12:15 Double-Bit Axe
19:42 Castle Age
18:20 Gold Mining
19:09 Stone Mining
20:46 Bow Saw
20:39 Heavy Plow
23:38 Stone Shaft Mining
24:26 Gold Shaft Mining
28:36 Wheelbarrow
28:17 Bloodlines
30:41 Imperial Age
29:34 Hand Cart
29:28 Husbandry
29:20 Fletching
29:31 Padded Archer Armor
29:53 Ballistics
30:48 Bodkin Arrow
31:08 Leather Archer Armor
30:59 Scale Barding Armor
31:27 Masonry
32:03 Thumb Ring
32:24 Parthian Tactics
32:03 Bracer
33:04 Forging
33:36 Chain Barding Armor
33:01 Light Cavalry
34:04 Hussar
36:29 Elite Mangudai
38:47 Chemistry
45:51 Elite Steppe Lancer
48:46 Caravan
50:42 Capped Ram
rattan archer
4:44 Double-Bit Axe
6:34 Loom
7:28 Wheelbarrow
6:38 Loom
10:13 Feudal Age
11:07 Gold Mining
11:58 Bow Saw
16:09 Horse Collar
18:33 Scale Mail Armor
18:45 Forging
19:16 Hand Cart
19:01 Town Watch
19:34 Stone Mining
20:51 Gold Shaft Mining
21:59 Stone Shaft Mining
24:05 Castle Age
23:49 Scale Barding Armor
24:47 Husbandry
24:07 Cavalier
26:22 Two-Man Saw
27:11 Arson
27:42 Town Patrol
30:01 Heavy Plow
31:59 Chain Barding Armor
34:07 Iron Casting
33:23 Fletching
33:50 Devotion
34:49 Crop Rotation
37:42 Imperial Age
35:54 Bodkin Arrow
36:18 Squires
38:07 Burgundian Vineyards
39:15 Conscription
41:22 Chemistry
40:08 Paladin
42:08 Blast Furnace
41:36 Ballistics
42:38 Plate Barding Armor
43:39 Bracer
44:15 Murder Holes
44:32 Masonry
44:03 Treadmill Crane
45:47 Caravan
46:09 Sappers
47:14 Hoardings
47:13 Light Cavalry
51:18 Onager
Gogogo
6:12 Loom
8:38 Feudal Age
13:55 Wheelbarrow
14:16 Double-Bit Axe
19:14 Castle Age
17:20 Horse Collar
19:36 Fletching
20:07 Bow Saw
20:18 Bodkin Arrow
25:32 Gold Mining
25:32 Stone Mining
26:12 Bloodlines
26:03 Husbandry
26:06 Town Watch
28:45 Stone Mining
30:03 Padded Archer Armor
30:57 Hand Cart
31:34 Leather Archer Armor
31:24 Elite Skirmisher
34:44 Imperial Age
32:45 Leather Archer Armor
32:41 Forging
33:02 Forging
32:57 Scale Barding Armor
34:20 Caravan
34:50 Coinage
35:15 Iron Casting
35:36 Bracer
35:58 Ballistics
36:39 Chemistry
35:20 Treadmill Crane
36:07 Conscription
36:05 Cranequins
36:15 Elite Skirmisher
38:09 Two-Man Saw
37:10 Heavy Plow
36:39 Gothikon
36:44 Elite Jarl
37:55 Fortified Wall
37:56 Masonry
38:18 Chain Barding Armor
39:00 Ring Archer Armor
39:30 Blast Furnace
39:36 Plate Barding Armor
42:02 Scale Mail Armor
42:09 Vendel Legacy
42:15 Cavalier
52:46 Heavy Mounted Crossbowman
54:09 Banking
53:50 Guilds
winston
5:05 Loom
9:32 Feudal Age
10:22 Double-Bit Axe
19:38 Castle Age
17:49 Horse Collar
18:38 Gold Mining
20:46 Bow Saw
20:41 Heavy Plow
25:03 Wheelbarrow
24:25 Stone Mining
26:32 Hand Cart
28:41 Town Watch
30:45 Gold Shaft Mining
30:45 Stone Shaft Mining
33:09 Imperial Age
30:58 Town Patrol
31:59 Ballistics
31:49 Masonry
31:41 Scale Mail Armor
31:51 Forging
35:19 Squires
35:04 Gambesons
35:04 Arson
35:04 Gambesons
35:04 Arson
35:36 Chain Mail Armor
35:56 Iron Casting
38:51 Chemistry
37:48 Murder Holes
38:13 Caravan
38:44 Coinage
38:14 Caravan
38:44 Coinage
39:52 Coinage
40:19 Iron Casting
40:14 Plate Mail Armor
39:34 Fletching
39:44 Padded Archer Armor
39:50 Scale Barding Armor
39:39 Light Cavalry
40:29 Bloodlines
40:19 Husbandry
40:30 Bloodlines
40:29 Siege Engineers
40:15 Guard Tower
40:28 Hamask
41:29 Conscription
41:44 Hoardings
41:37 Elite Varangian Guard
44:04 Blast Furnace
43:03 Bodkin Arrow
44:51 Pikeman
45:30 Man-at-Arms
45:30 Halberdier
50:06 Scale Barding Armor
50:02 Bracer
50:02 Padded Archer Armor
53:14 Banking
Connection lost

Rejoining the realm…

Still unreachable

The connection could not be restored.

Session expired

The server has moved on; the page needs a fresh start.